 Dungeon Crawl Stone Soup version 0.31.0-12-g77e489cdc1 (webtiles) character file.

Game seed: 11072723981042090580

24 Doomgape the Covered (level 3, -1/24 HPs)
             Began as a Gargoyle Fighter on Feb 24, 2024.
             Slain by a quokka (3 damage)
             ... on level 1 of the Dungeon.
             The game lasted 00:01:13 (315 turns).

Doomgape the Covered (Gargoyle Fighter)              Turns: 315, Time: 00:01:13

Health: -1/24      AC: 10    Str: 18 (21) XL:     3   Next: 2%
Magic:  3/3        EV:  9    Int:  6 (8)  God:
Gold:   0          SH:  4    Dex:  6 (9)  Spells: 2/2 levels left

rFire   . . .        a - +0 flail
rCold   . . .        c - +0 buckler
rNeg    + . .        b - +0 scale mail
rPois   ∞            (no helmet)
rElec   +            (no cloak)
rCorr   .            (no gloves)
SInv    .            (no boots)
Will    .....        (no amulet) Stlth
                     (no ring)
HPRegen 0.24/turn    (no ring)
MPRegen 0.08/turn

%: no passive effects
@: no status effects
A: sickness immunity, AC +3, negative energy resistance 1, electricity
resistance, torment resistance 1, petrification resistance
a: no special abilities


You were on level 1 of the Dungeon.
You visited 1 branch of the dungeon, and saw 1 of its levels.

Inventory:

Hand Weapons
 a - a +0 flail (weapon)
Armour
 b - a +0 scale mail (worn)
 c - a +0 buckler (worn)
Potions
 d - a potion of might
 f - a potion of degeneration
 g - a potion of lignification {unknown}


   Skills:
 + Level 3.7 Fighting
 + Level 2.5 Maces & Flails
 + Level 3.7 Armour
 - Level 3.2 Shields


You had 2 spell levels left.
You didn't know any spells.
Your spell library contained the following spells:

 Spells                   Type           Power      Damage    Failure   Level
 Lesser Beckoning         Tloc           0%         N/A       96%         2
 Gell's Gravitas          Tloc           0%         N/A       99%         3
 Teleport Other           Tloc           0%         N/A       99%         3


Dungeon Overview and Level Annotations

Branches:
Dungeon (1/15)

Altars:


Innate Abilities, Weirdness & Mutations

You are immune to sickness and miasma.
Your stone body is resilient. (AC +3)
You are immune to poison.
You resist negative energy. (rN+)
You are resistant to electric shocks. (rElec)
You are resistant to unholy torment.
You are immune to petrification.


Message History

The quokka bites you but does no damage.
You closely miss the kobold. The quokka closely misses you.
The kobold barely misses you.
You miss the kobold.
The quokka bites you but does no damage.
You block the kobold's attack. You block the quokka's attack.
The kobold hits you with a +0 whip.
You sock the kobold!
You kill the kobold!
The quokka bites you.
The quokka bites you but does no damage. x2
You have reached level 3!
Your experience leads to an increase in your attributes!
Your base attributes are Str 19, Int 8, Dex 9.
Increase (S)trength, (I)ntelligence, or (D)exterity?
You feel stronger. x2
You completely miss the quokka.
The quokka bites you but does no damage.
The quokka closely misses you. The quokka barely misses you.
You barely miss the quokka. The quokka bites you.
The quokka bites you but does no damage.
The quokka closely misses you.
You hit the quokka but do no damage. The quokka barely misses you.
The quokka completely misses you. The quokka bites you.
* * * LOW HITPOINT WARNING * * *
You miss the quokka. The quokka bites you.
* * * LOW HITPOINT WARNING * * *
The quokka closely misses you.
The quokka bites you but does no damage.
You closely miss the quokka. The quokka closely misses you. x2
The quokka bites you but does no damage.
You completely miss the quokka.
The quokka bites you but does no damage.
The quokka bites you.
* * * LOW HITPOINT WARNING * * *
The quokka twitches its whiskers.
The quokka barely misses you.
Unknown command.
The quokka bites you.
You die...

#.##.# #.##.# ### #.##.#
#.) #.#..####.#
#.#.##.....
####..........
#...†...#.##.#
###.######.......#.##.#
#.....@.##.......#.##.#
...##.##rrJ.......#.##.#
# #.)##.......#.##.#
#(....K....#...##.#
##.###....###...... ?.
.###..# ...... .#. #.
#.#.# ##### #.## #. .#.#
# . #? .. .


You could see an endoplasm and 2 quokkas.

Vanquished Creatures
  An endoplasm (D:1)
  3 giant cockroaches (D:1)
  A hobgoblin (D:1)
  A kobold (D:1)
  A quokka (D:1)
  4 ball pythons (D:1)
  3 bats (D:1)
  2 frilled lizards (D:1)
  3 goblins (D:1)
  6 rats (D:1)
25 creatures vanquished.

Notes
Turn   | Place    | Note
-------+----------+-------------------------------------------
     0 | D:1      | Doomgape the Gargoyle Fighter began the quest for the Orb.
     0 | D:1      | Reached XP level 1. HP: 14/14 MP: 1/1
   143 | D:1      | Reached XP level 2. HP: 19/19 MP: 2/2
   308 | D:1      | Reached XP level 3. HP: 12/24 MP: 3/3
   315 | D:1      | Slain by a quokka

Illustrated notes

Levels and vault maps discovered:
D:1:      zelgadis_glass_arrival_small, layout_loops_ring, minmay_tall_x

Action                     || total
---------------------------++-------
  Melee: Flail             ||    99
    Use: Potion            ||     2
 Armour: Scale mail        ||    98
  Dodge: Dodged            ||    78
  Block: Buckler           ||    23
